 Dungeon Crawl Stone Soup version 0.22.1-2-g9c5b331 (webtiles) character file.

131 zeepkist the Cudgeler (level 4, 0/58 HPs)
             Began as a Minotaur Berserker on Nov 17, 2018.
             Was a Believer of Trog.
             Slain by an iron imp (9 damage)
             ... summoned by Natasha
             ... on level 2 of the Dungeon.
             The game lasted 00:12:19 (2056 turns).

zeepkist the Cudgeler (Minotaur Berserker)          Turns: 2056, Time: 00:12:20

Health: 0/58       AC:  5    Str: 30    XL:     4   Next: 91%
Magic:  3/3        EV: 11    Int:  4    God:    Trog [**....]
Gold:   72         SH:  0    Dex: 10    Spells: 3/3 levels left

rFire    + . .     SeeInvis .   a - +0 mace
rCold    x . .     Gourm    .   (no shield)
rNeg     . . .     Faith    .   q - +0 ring mail
rPois    .         Spirit   .   (helmet restricted)
rElec    .         Reflect  .   (no cloak)
rCorr    .         Harm     .   (no gloves)
MR       .....                  (no boots)
Stlth    ..........             (no amulet)
HPRegen  0.19/turn              i - +3 ring of strength
MPRegen  0.08/turn              l - ring of fire

@: berserking, very quick
A: retaliatory headbutt, horns 2
a: Berserk, Trog's Hand, Renounce Religion


You were on level 2 of the Dungeon.
You worshipped Trog.
Trog was pleased with you.
You were hungry.

You visited 1 branch of the dungeon, and saw 2 of its levels.

You collected 72 gold pieces.

Inventory:

Hand Weapons
 a - a +0 mace (weapon)
Missiles
 h - 49 stones (quivered)
Armour
 b - a +0 animal skin
 q - a +0 ring mail (worn)
Jewellery
 i - a +3 ring of strength (left hand)
 l - a ring of fire (right hand)
Scrolls
 e - 2 scrolls of remove curse
 f - a scroll of enchant weapon {unknown}
 g - 2 scrolls of identify
 j - a scroll of teleportation {unknown}
 n - a scroll of enchant armour {unknown}
 r - a scroll of amnesia {unknown}
Potions
 d - a potion of agility {unknown}
 k - a potion of heal wounds
 m - a potion of flight {unknown}
 o - a potion of magic {unknown}
 p - a potion of curing {unknown}
 s - a potion of ambrosia {unknown}
Comestibles
 c - a ration


   Skills:
 - Level 3.6 Fighting
 + Level 6.8 Maces & Flails
 - Level 2.4 Armour
 - Level 2.1 Dodging


You had 3 spell levels left.
You didn't know any spells.
Your spell library was empty.

Dungeon Overview and Level Annotations

Branches:
Dungeon (2/15)

Altars:
Makhleb

Annotations:
D:2 Natasha


Innate Abilities, Weirdness & Mutations

You reflexively headbutt those who attack you in melee.
You have a pair of horns on your head.


Message History

The iron imp is lightly wounded.
Natasha drinks a potion.
Natasha is healed!
The crimson imp hits you.
* * * LOW HITPOINT WARNING * * *
The iron imp misses you. You furiously retaliate!
You headbutt the iron imp. You barely miss the crimson imp. Natasha misses you.
The shadow imp hits you but does no damage.
The crimson imp hits you but does no damage.
You closely miss the crimson imp. Natasha barely misses you.
You furiously retaliate!
You headbutt Natasha! The iron imp barely misses you.
The shadow imp barely misses you.
The crimson imp blinks!
A red film seems to cover your vision as you go berserk!
You feel yourself moving faster!
You feel mighty!
You are feeling hungry.
Natasha casts a spell at you. The magic dart hits you!
* * * LOW HITPOINT WARNING * * *
The shadow imp hits you.
* * * LOW HITPOINT WARNING * * *
The iron imp hits you!
You die...

.........#######...###......#..#.
.##....................####.#.###
..#......#######...##### #...#
...........####.......### ##..###
...........##...##..#...## #....#
...........##.####.5.....###.##.#
..##........).##....######......#
...#.......)))))5h.....##....####
.#.#........)##.@..........###
.#...............5.......###
..........##..###.##...###
.###..............##.#....
.###....#............#.###
..##......###...####...#####
.......#.## ##.............#
.......#.# ##..#.........#
.......#รท# #..#>........#


You could see an iron imp, Natasha, a crimson imp and a shadow imp.

Vanquished Creatures
  Natasha (twice) (D:2)
  Robin (D:2)
  An adder (D:2)
  3 leopard geckos (D:1)
  3 giant cockroaches
  17 goblins
  6 hobgoblins
  2 jackals (D:2)
  2 ball pythons
  4 bats
  5 frilled lizards
  5 kobolds
  5 rats
56 creatures vanquished.

Notes
Turn   | Place    | Note
-------+----------+-------------------------------------------
     0 | D:1      | zeepkist the Minotaur Berserker began the quest for the
                  | Orb.
     0 | D:1      | Reached XP level 1. HP: 19/19 MP: 0/0
    65 | D:1      | Reached skill level 4 in Maces & Flails
   437 | D:1      | Reached XP level 2. HP: 26/26 MP: 1/1
   755 | D:1      | Reached skill level 5 in Maces & Flails
   988 | D:2      | Reached XP level 3. HP: 30/31 MP: 2/2
  1205 | D:2      | Noticed Robin
  1216 | D:2      | Reached ** piety under Trog
  1217 | D:2      | Killed Robin
  1227 | D:2      | Reached XP level 4. HP: 10/39 MP: 3/3
  1230 | D:2      | Reached skill level 6 in Maces & Flails
  1602 | D:2      | Noticed Natasha
  1607 | D:2      | Killed Natasha
  1620 | D:2      | Found a burning altar of Makhleb.
  1622 | D:2      | Noticed a blizzard demon
  1720 | D:2      | Noticed Natasha
  1725 | D:2      | Killed Natasha
  2040 | D:2      | Noticed Natasha
  2056 | D:2      | Slain by an iron imp

Skill      XL: |  1  2  3  4 |
---------------+-------------+-----
Maces & Flails | 4 5 6 |  6.8
Fighting       | |  3.6
Armour         | |  2.4
Dodging        | |  2.1

Action                   |  1- 3 |  4- 6 || total
-------------------------+-------+-------++-------
Melee: Mace              |    61 |    41 ||   102
       Headbutt          |     6 |     4 ||    10
Invok: Berserk           |     1 |     1 ||     2
  Use: Scroll            |     2 |       ||     2
  Eat: Chunk             |       |     5 ||     5
Armor: Animal skin       |    21 |     3 ||    24
       Ring mail         |       |    25 ||    25
Dodge: Dodged            |    67 |    31 ||    98
